 Dungeon Crawl Stone Soup version 0.25-a0-578-gc91f01c39c (webtiles) character file.

Game seed: 10399910376375648228, levelgen mode: deterministic

1180 ReteAZ the Carver (level 8, -9/63 HPs)
             Began as a Merfolk Gladiator on Mar 3, 2020.
             Was a Believer of Okawaru.
             Mangled by an orc warrior
             ... wielding a +0 short sword
              (15 damage)
             ... on level 5 of the Dungeon.
             The game lasted 00:10:20 (6869 turns).

ReteAZ the Carver (Merfolk Gladiator)               Turns: 6869, Time: 00:10:21

Health: -9/63      AC: 12    Str: 14    XL:     8   Next: 42%
Magic:  9/9        EV:  9    Int:  8    God:    Okawaru [**....]
Gold:   211        SH:  0    Dex: 17    Spells: 7/7 levels left

rFire    . . .     SeeInvis .   a - +0 long sword
rCold    . . .     Gourm    .   (no shield)
rNeg     . . .     Faith    .   C - +1 chain mail {rPois}
rPois    +         Spirit   .   r - +2 hat
rElec    .         Reflect  .   v - +0 cloak
rCorr    .         Harm     .   (no gloves)
MR       .....                  (no boots)
Stlth    ..........             (no amulet)
HPRegen  0.20/turn              (no ring)
MPRegen  0.11/turn              (no ring)

@: no status effects
A: change form in water, swift swim, stealthy swim
a: Heroism, Renounce Religion


You were on level 5 of the Dungeon.
You worshipped Okawaru.
Okawaru was pleased with you.
You were not hungry.

You visited 1 branch of the dungeon, and saw 6 of its levels.

You collected 211 gold pieces.

Inventory:

Hand Weapons
 a - a +0 long sword (weapon)
 g - a +2 flail of holy wrath
 h - a +1 vampiric dagger
 B - a +2 vorpal hand axe
Missiles
 s - 3 poisoned darts (quivered)
 w - 3 boomerangs
 y - 6 javelins
Armour
 b - a +0 leather armour
 c - a +0 helmet
 r - a +2 hat (worn)
 v - a +0 cloak (worn)
 C - a +1 chain mail of poison resistance (worn)
Jewellery
 n - an uncursed ring of ice {unknown}
 F - an uncursed ring of protection from magic {unknown}
Wands
 x - a wand of polymorph (11)
Scrolls
 d - a scroll of blinking {unknown}
 i - 4 scrolls of remove curse {unknown}
 j - 2 scrolls of identify {unknown}
 k - 3 scrolls of teleportation {unknown}
 m - 4 scrolls of enchant armour {unknown}
 t - 3 scrolls of magic mapping {unknown}
 A - 3 scrolls of enchant weapon {unknown}
 D - a scroll of amnesia {unknown}
Potions
 e - a potion of cancellation {unknown}
 l - 2 potions of stabbing {unknown}
 o - 3 potions of berserk rage {unknown}
 p - a potion of brilliance {unknown}
 q - a potion of mutation {unknown}
 u - 2 potions of curing {unknown}
 E - a potion of might {unknown}
Comestibles
 f - 5 rations
 z - a chunk of flesh


   Skills:
 + Level 5.5 Fighting
 * Level 8.2 Long Blades
 - Level 2.0 Throwing
 + Level 7.3 Dodging
 + Level 2.1 Invocations


You had 7 spell levels left.
You didn't know any spells.
Your spell library was empty.

Dungeon Overview and Level Annotations

Branches:
Dungeon (6/15)
 Temple: D:4-7

Altars:
Okawaru
Sif Muna
Zin

Shops:
D:4 *

Annotations:
D:2 1 runed translucent door, Crazy Yiuf
D:5 Blork the orc
D:6 exclusion: upstairs


Message History

The orc warrior hits you with a +0 short sword!
* * * LOW HITPOINT WARNING * * *
You hit the orc warrior.
The orc warrior is lightly wounded.
The orc warrior hits you but does no damage.
You hit the orc warrior but do no damage.
The orc warrior is lightly wounded.
The orc warrior hits you but does no damage.
You hit the orc warrior but do no damage.
The orc warrior is lightly wounded.
The orc warrior hits you with a +0 short sword!
* * * LOW HITPOINT WARNING * * *
You hit the orc warrior.
The orc warrior is moderately wounded.
The orc warrior closely misses you.
You riposte.
You hit the orc warrior.
The orc warrior is moderately wounded.
You slash the orc warrior!
The orc warrior is heavily wounded.
The orc warrior hits you with a +0 short sword!
You die...

######## #......#
####### #.####.#
......# #.# #.#
#####<#########.# #.#
....#(....o.....# #.#
....#.#.#######.####.##
....(.#.# #o@.....#
......#.# ######..#####
......#.# #......#
......#.# ##.###.#
....#.#.# #.# ..(##....
###o### #........#
#.....# # ..###.##.#
##..(..#.#######
......# .#
#...............


You could see an orc warrior.

Vanquished Creatures
  An ogre (D:4)
  2 scorpions
  2 crimson imps (D:5)
  A howler monkey (D:6)
  A jelly (D:5)
  2 orc priests
  A gnoll shaman (D:4)
  Terence (D:2)
  3 iguanas
  6 orc wizards
  4 worker ants
  A killer bee zombie (D:5)
  10 adders
  13 gnolls
  2 shadow imps
  3 oozes
  2 adder skeletons
  3 dart slugs
  2 leopard geckos
  23 orcs
  3 ball pythons
  10 bats
  7 giant cockroaches
  10 goblins
  8 hobgoblins
  16 jackals
  7 frilled lizards
  8 kobolds
  A quokka zombie (D:5)
  7 rats
160 creatures vanquished.

Notes
Turn   | Place    | Note
-------+----------+-------------------------------------------
     0 | D:1      | ReteAZ the Merfolk Gladiator began the quest for the Orb.
     0 | D:1      | Reached XP level 1. HP: 16/16 MP: 1/1
   356 | D:1      | Reached XP level 2. HP: 23/23 MP: 2/2
   579 | D:1      | Found an iron altar of Okawaru.
   588 | D:1      | Became a worshipper of Warmaster Okawaru
   770 | D:1      | Reached skill level 4 in Long Blades
   770 | D:1      | Reached XP level 3. HP: 26/28 MP: 3/3
  1394 | D:2      | Reached XP level 4. HP: 31/35 MP: 4/4
  1643 | D:2      | Noticed Terence
  1782 | D:2      | Killed Terence
  1782 | D:2      | Reached skill level 5 in Long Blades
  1782 | D:2      | Reached skill level 5 in Dodging
  1782 | D:2      | Reached XP level 5. HP: 27/41 MP: 5/5
  1939 | D:2      | Found a runed translucent door.
  1940 | D:2      | Noticed Crazy Yiuf
  2902 | D:3      | Reached * piety under Okawaru
  2902 | D:3      | Reached XP level 6. HP: 37/48 MP: 6/6
  3270 | D:3      | Found a shimmering blue altar of Sif Muna.
  3697 | D:3      | Reached skill level 6 in Long Blades
  4192 | D:4      | Reached XP level 7. HP: 26/54 MP: 7/7
  4410 | D:4      | Found Effuol's Assorted Antiques.
  4668 | D:4      | Found a glowing silver altar of Zin.
  4791 | D:4      | Reached skill level 7 in Long Blades
  4795 | D:4      | HP: 2/55 [gnoll/+0 halberd (14)]
  5272 | D:5      | Entered Level 5 of the Dungeon
  5294 | D:5      | Reached ** piety under Okawaru
  5354 | D:5      | Reached skill level 5 in Fighting
  5488 | D:5      | Reached skill level 1 in Invocations
  5488 | D:5      | Reached XP level 8. HP: 56/62 MP: 8/8
  5519 | D:5      | Noticed Blork the orc
  6330 | D:5      | Reached skill level 8 in Long Blades
  6869 | D:5      | Mangled by an orc warrior

Levels and vault maps discovered:
D:1:      roderic_crop_circles_arrival_small, layout_basic,
          okawaru_ov_weapons_minmay
D:2:      layout_loops_ring, uniq_crazy_yiuf_cottage, uniq_terence
D:3:      layout_rooms, lemuel_blue_sif_altar
D:4:      layout_loops_cross, zin_treasury, first_ration, serial_shops,
          nicolae_shop_behind_doors, st_stairs_10
D:5:      layout_loops_ring, uniq_blork_the_orc
D:6:      layout_cave_pods, serial_shops, kennysheep_mini

Skill      XL: |  1  2  3  4  5  6  7  8 |
---------------+-------------------------+-----
Long Blades    | 4 5 6 7 8 |  8.2
Fighting       | 3 4 5 |  5.5
Dodging        | 5 6 7 |  7.3
Invocations    | 1 2 |  2.1
Throwing       | |  2.0

Action                   |  1- 3 |  4- 6 |  7- 9 || total
-------------------------+-------+-------+-------++-------
Melee: Long sword        |    20 |    67 |   307 ||   394
       Dagger            |   143 |   388 |       ||   531
Throw: Throwing net      |       |     5 |     1 ||     6
       Dart              |       |       |     3 ||     3
Evoke: Wand              |       |       |     4 ||     4
  Use: Potion            |       |       |     1 ||     1
 Stab: Sleeping          |     1 |       |       ||     1
       Held in net/web   |       |     2 |       ||     2
  Eat: Chunk             |     2 |     9 |     9 ||    20
Armor: Leather armour    |    53 |   111 |    20 ||   184
       Chain mail        |       |       |    86 ||    86
Dodge: Dodged            |   123 |   432 |   155 ||   710
       Rpst.: Long sword |     1 |    23 |    52 ||    76

Table legend:
 A = Non-vault XP
 B = Vault XP
 C = Vault XP percentage of total XP
 D = Non-vault monster count
 E = Vault monster count
 F = Vault count percentage of total count
                 A         B        C        D         E       F
            +---------+---------+-------+---------+---------+-------
      Total |    1634 |      52 |   3.1 |     157 |       3 |   1.9
            +---------+---------+-------+---------+---------+-------
        D:1 |      42 |       0 |   0.0 |      24 |       0 |   0.0
        D:2 |     153 |      36 |  19.0 |      35 |       1 |   2.8
        D:3 |     255 |       0 |   0.0 |      33 |       0 |   0.0
        D:4 |     452 |      16 |   3.4 |      25 |       2 |   7.4
        D:5 |     611 |       0 |   0.0 |      33 |       0 |   0.0
        D:6 |     121 |       0 |   0.0 |       7 |       0 |   0.0
            +---------+---------+-------+---------+---------+-------
